 Dungeon Crawl Stone Soup version 0.26.0-16-gc1dbca0489 (webtiles) character file.

Game seed: 8241278285373026431

615 sizableburger the Ducker (level 7, -7/58 HPs)
             Began as a Minotaur Venom Mage on Jan 20, 2021.
             Was an Initiate of Gozag.
             Mangled by a wyvern skeleton (9 damage)
             ... on level 5 of the Dungeon.
             The game lasted 00:14:48 (6991 turns).

sizableburger the Ducker (Minotaur Venom Mage)      Turns: 6991, Time: 00:14:48

Health: -7/58      AC:  3    Str: 13    XL:     7   Next: 21%
Magic:  7/8        EV: 13    Int: 14    God:    Gozag
Gold:   117        SH:  0    Dex: 10    Spells: 2/8 levels left

rFire    . . .     SeeInvis .   b - +0 club
rCold    . . .     Faith    .   (no shield)
rNeg     . . .     Spirit   .   a - +1 robe
rPois    .         Reflect  .   (helmet restricted)
rElec    .         Harm     .   (no cloak)
rCorr    +         Rampage  .   (no gloves)
Will     .....                  (no boots)
Stlth    ++........             (no amulet)
HPRegen  0.19/turn              d - ring of resist corrosion
MPRegen  0.11/turn              (no ring)

@: no status effects
A: retaliatory headbutt, horns 2
a: Renounce Religion, Potion Petition, Call Merchant, Bribe Branch


You were on level 5 of the Dungeon.
You worshipped Gozag.
Gozag was aware of your devotion.
You visited 1 branch of the dungeon, and saw 5 of its levels.

You collected 188 gold pieces.
You paid 71 gold pieces to Gozag.

Inventory:

Hand Weapons
 b - a +0 club (weapon)
Armour
 a - a +1 robe (worn)
 e - a cursed +0 leather armour
Jewellery
 d - a ring of resist corrosion (left hand)
 k - an uncursed amulet of guardian spirit {unknown}
 n - an uncursed ring of ice {unknown}
 o - an uncursed ring of fire {unknown}
 t - an uncursed amulet of faith {unknown}
Scrolls
 c - 6 scrolls of identify
 g - a scroll of amnesia
 h - 2 scrolls of teleportation
 l - a scroll of magic mapping {unknown}
 r - a scroll of remove curse {unknown}
Potions
 f - a potion of degeneration
 i - a potion of brilliance {unknown}
 j - a potion of invisibility {unknown}
 m - a potion of attraction {unknown}
 p - 2 potions of curing {unknown}
 q - a potion of might {unknown}
 s - a potion of resistance {unknown}


   Skills:
 + Level 3.8 Fighting
 + Level 3.6 Maces & Flails
 + Level 4.3 Dodging
 - Level 1.5 Stealth
 - Level 1.3 Spellcasting
 + Level 0.1 Conjurations
 - Level 1.3 Transmutations
 + Level 2.1 Air Magic
 + Level 3.4 Poison Magic


You had 2 spell levels left.
You knew the following spells:

 Your Spells              Type           Power        Failure   Level
a - Sting                 Tmut/Pois      28%          10%         1
b - Poisonous Vapours     Pois/Air       16%          12%         2
c - Mephitic Cloud        Conj/Pois/Air  6%           34%         3

Your spell library contained the following spells:

 Spells                   Type           Power        Failure   Level
 Ignite Poison            Fire/Tmut/Pois 5%           36%         3
 Olgreb's Toxic Radiance  Pois           10%          52%         4


Dungeon Overview and Level Annotations

Branches:
Dungeon (5/15)
 Temple: D:4-7

Altars:
Gozag
Okawaru

Shops:
D:4 (


Innate Abilities, Weirdness & Mutations

You reflexively headbutt those who attack you in melee.
You have a pair of horns on your head.


Message History

The wyvern skeleton bites you! The wyvern skeleton barely misses you.
The gnoll barely misses you.
You hit the wyvern skeleton but do no damage.
The wyvern skeleton is moderately damaged.
The wyvern skeleton barely misses you. The gnoll barely misses you.
You hit the wyvern skeleton.
Your headbutt misses the wyvern skeleton.
The wyvern skeleton is heavily damaged.
The gnoll looks more healthy.
The wyvern skeleton bites you!
* * * LOW HITPOINT WARNING * * *
The gnoll hits you from afar with a +0 spear.
* * * LOW HITPOINT WARNING * * *
The wyvern skeleton closely misses you. You furiously retaliate!
You headbutt the wyvern skeleton. The wyvern skeleton closely misses you.
You furiously retaliate!
You headbutt the wyvern skeleton, but do no damage.
The gnoll hits you but does no damage. The wyvern skeleton bites you!
You die...
Your body crumbles into a pile of gold.

#.###.#............
#..........##.##.##
#................##
#..........##.#..#.
#.....#...###.#..#.
##..#####.##..#..#.
#.## #.##.##....
#.# #.......##.
#@### #.......##.
#.Z.# ##.....###.
###g# #.....# #.
#.# #.....# #.
####.########### #.
#...........g. #.
#Z##.##..####. #
#.# .g... #..
....#..


You could see a gnoll and a wyvern skeleton.

Vanquished Creatures
  A black bear (D:5)
  An ogre (D:4)
  A centaur (D:5)
  A hound (D:5)
  3 orc wizards
  An iguana (D:5)
  2 worker ants
  7 adders
  4 dart slugs
  8 orcs
  A ball python (D:5)
  16 giant cockroaches
  10 hobgoblins
  12 bats
  10 frilled lizards
  12 goblins
  11 kobolds
  9 rats
110 creatures vanquished.

Notes
Turn   | Place    | Note
-------+----------+-------------------------------------------
     0 | D:1      | sizableburger the Minotaur Venom Mage began the quest for
                  | the Orb.
     0 | D:1      | Reached XP level 1. HP: 14/14 MP: 1/1
   226 | D:1      | Reached skill level 1 in Transmutations
   230 | D:1      | Reached XP level 2. HP: 20/22 MP: 0/3
   392 | D:1      | Reached skill level 1 in Fighting
  2159 | D:1      | Reached skill level 1 in Maces & Flails
  2217 | D:1      | Learned a level 2 spell: Poisonous Vapours
  2456 | D:2      | Reached XP level 3. HP: 22/28 MP: 2/4
  2841 | D:2      | Reached XP level 4. HP: 4/35 MP: 1/5
  2857 | D:2      | HP: 1/35 [poisoned by an adder]
  3209 | D:2      | Found an iron altar of Okawaru.
  3309 | D:1      | Reached skill level 3 in Dodging
  3861 | D:2      | Reached skill level 1 in Air Magic
  4210 | D:2      | Reached XP level 5. HP: 40/41 MP: 6/6
  5380 | D:4      | Found Dyalasam's Antique Weapon Shoppe.
  5415 | D:4      | Noticed an ogre
  5441 | D:4      | Killed an ogre
  5442 | D:4      | Reached XP level 6. HP: 30/51 MP: 4/7
  5580 | D:4      | You fall into a shaft and drop 1 floor!
  5580 | D:5      | Entered Level 5 of the Dungeon
  5670 | D:5      | Reached skill level 4 in Dodging
  5885 | D:5      | Found an opulent altar of Gozag.
  5894 | D:5      | Became a worshipper of Gozag Ym Sagoz the Greedy
  6266 | D:5      | Reached XP level 7. HP: 38/58 MP: 4/8
  6633 | D:5      | Learned a level 3 spell: Mephitic Cloud
  6988 | D:5      | HP: 1/58 [gnoll/+0 spear (4)]
  6991 | D:5      | Mangled by a wyvern skeleton

Illustrated notes

Levels and vault maps discovered:
D:1:      lemuel_arrival_hallway, layout_basic, minmay_misc_feat_enclosed
D:2:      minmay_roachtagon, layout_rooms, minmay_misc_feat_secret_circle,
          hangedman_decor_growths, okawaru_metal_pillars_3
D:3:      layout_basic
D:4:      layout_basic, serial_shops, nicolae_shop_trees, serial_park_tiny_pond
D:5:      layout_loops_cross, lemuel_crystal_altar

Skill      XL: |  1  2  3  4  5  6 |
---------------+-------------------+-----
Transmutations | 1 |  1.3
Fighting       | 1 2 3 |  3.8
Maces & Flails | 1 2 3 |  3.6
Dodging        | 3 4 |  4.3
Air Magic      | 1 2 |  2.1
Poison Magic   | 3 |  3.4
Stealth        | |  1.5
Spellcasting   | |  1.3
Conjurations   | |  0.1

Action                   |  1- 3 |  4- 6 |  7- 9 || total
-------------------------+-------+-------+-------++-------
Melee: Unarmed           |    14 |       |       ||    14
       Club              |    97 |   144 |    27 ||   268
       Headbutt          |     8 |    15 |     3 ||    26
 Cast: Sting             |    31 |    46 |       ||    77
       Poisonous Vapours |       |     4 |     4 ||     8
  Use: Potion            |     1 |       |       ||     1
       Scroll            |     1 |     6 |       ||     7
 Stab: Sleeping          |     1 |     7 |       ||     8
       Distracted        |     1 |       |       ||     1
Armor: Robe              |    18 |    52 |     5 ||    75
Dodge: Dodged            |   102 |   146 |    34 ||   282
